[ AOE2 MATCH · #504537722 ]
UnrankedCumans vs Romans
Player's team · WIN
Rival team · LOSS
[ REPLAY ANALYSIS · EXTRACTED FROM THE RECORDED GAME ]
Feudal
8:43
Castle
23:59
Imperial
40:03
| APM avg | 38.7 |
| APM peak | 76 |
| eAPM avg | 21.7 |
| Villagers / military | 114 / 142 |
Focus
⚔️ 29.2% · 🌾 70.8%
Knight ×99 · Archer ×36 · Monk ×4 · Trebuchet (Packed) ×2 · Skirmisher ×1
Feudal
10:09
Castle
24:06
Imperial
44:23
| APM avg | 74.4 |
| APM peak | 124 |
| eAPM avg | 36.0 |
| Villagers / military | 131 / 124 |
Focus
⚔️ 30.8% · 🌾 69.2%
Spearman ×56 · Militia ×39 · Scorpion ×20 · Battering Ram ×9
Match map
Initial resources + every placement click. Lines = walls · curves = elevation contours. ◆ gold · ⬟ stone · ● berries · ✦ relic · ◌ wall gap
Your base· Open — 3t gap
OKANE_DAISUKI's base· Open — 1t gap
Smoothed initial terrain · ◌ = detected wall gap · hover for details
Inputs per minute
— T91 - - OKANE_DAISUKI
Build order — T91
First 150 of 375 actions detected
| 0:01 | Queue | Villager (Male) |
| 0:01 | Queue | Villager (Male) |
| 0:02 | Queue | Villager (Male) |
| 0:02 | Queue | Villager (Male) |
| 0:10 | Build | House |
| 0:12 | Build | House |
| 1:31 | Queue | Villager (Male) |
| 1:48 | Queue | Villager (Male) |
| 2:23 | Build | Lumber Camp |
| 2:43 | Queue | Villager (Male) |
| 3:04 | Queue | Villager (Male) |
| 3:31 | Queue | Villager (Male) |
| 3:41 | Build | House |
| 3:57 | Queue | Villager (Male) |
| 4:21 | Queue | Villager (Male) |
| 4:42 | Queue | Villager (Male) |
| 4:56 | Build | Mill |
| 5:09 | Queue | Villager (Male) |
| 5:32 | Build | Palisade Wall |
| 5:35 | Build | Palisade Wall |
| 5:39 | Queue | Villager (Male) |
| 5:55 | Research | Loom |
| 6:33 | Research | Feudal Age |
| 7:09 | Build | Palisade Wall |
| 7:10 | Build | Palisade Wall |
| 7:33 | Build | House |
| 7:53 | Build | House |
| 8:16 | Build | House |
| 8:43 | Queue | Villager (Male) |
| 8:43 | Age | Feudal Age |
| 8:52 | Build | Town Center |
| 8:57 | Queue | Villager (Male) |
| 9:04 | Queue | Villager (Male) |
| 9:10 | Queue | Villager (Male) |
| 9:59 | Queue | Villager (Male) |
| 10:09 | Build | Palisade Gate |
| 10:20 | Queue | Villager (Male) |
| 10:23 | Research | Double-Bit Axe |
| 10:38 | Queue | Villager (Male) |
| 10:45 | Research | Horse Collar |
| 10:55 | Build | House |
| 11:02 | Queue | Villager (Male) |
| 11:06 | Build | Farm |
| 11:13 | Build | House |
| 11:38 | Build | Barracks |
| 11:41 | Queue | Villager (Male) |
| 11:48 | Build | House |
| 11:50 | Build | Palisade Wall |
| 12:08 | Queue | Villager (Male) |
| 12:10 | Build | Farm |
| 12:16 | Queue | Villager (Male) |
| 12:24 | Queue | Villager (Male) |
| 12:48 | Build | House |
| 12:55 | Queue | Villager (Male) |
| 12:57 | Build | House |
| 13:00 | Build | Farm |
| 13:07 | Build | House |
| 13:13 | Queue | Villager (Male) |
| 13:20 | Queue | Villager (Male) |
| 13:23 | Build | Farm |
| 13:27 | Build | Farm |
| 13:32 | Build | Palisade Wall |
| 13:33 | Build | Palisade Wall |
| 13:36 | Build | Palisade Wall |
| 13:38 | Queue | Villager (Male) |
| 13:44 | Build | Farm |
| 14:04 | Queue | Villager (Male) |
| 14:19 | Build | Palisade Wall |
| 14:20 | Build | Palisade Wall |
| 14:45 | Queue | Villager (Male) |
| 14:54 | Queue | Villager (Male) |
| 15:03 | Queue | Villager (Male) |
| 15:12 | Queue | Villager (Male) |
| 15:15 | Queue | Villager (Male) |
| 15:38 | Queue | Villager (Male) |
| 15:40 | Build | Farm |
| 15:53 | Build | Farm |
| 15:55 | Build | Mining Camp |
| 16:01 | Queue | Villager (Male) |
| 16:08 | Build | Archery Range |
| 16:24 | Queue | Villager (Male) |
| 16:27 | Build | Farm |
| 16:29 | Build | Farm |
| 16:36 | Build | Market |
| 16:40 | Build | Farm |
| 16:42 | Build | Farm |
| 16:44 | Queue | Villager (Male) |
| 16:52 | Queue | Villager (Male) |
| 17:02 | Queue | Archer |
| 17:02 | Queue | Archer |
| 17:04 | Queue | Villager (Male) |
| 17:11 | Queue | Villager (Male) |
| 17:33 | Queue | Villager (Male) |
| 17:38 | Build | Farm |
| 17:40 | Build | Farm |
| 17:40 | Queue | Archer |
| 17:48 | Queue | Villager (Male) |
| 17:59 | Queue | Villager (Male) |
| 18:00 | Queue | Archer |
| 18:11 | Build | Mill |
| 18:16 | Queue | Villager (Male) |
| 18:18 | Build | Blacksmith |
| 18:31 | Build | House |
| 18:33 | Research | Town Watch |
| 18:37 | Queue | Archer |
| 18:46 | Build | Farm |
| 18:53 | Queue | Villager (Male) |
| 18:58 | Research | Fletching |
| 19:09 | Queue | Archer |
| 19:15 | Queue | Archer |
| 19:20 | Queue | Villager (Male) |
| 19:35 | Build | House |
| 19:54 | Queue | Archer |
| 20:01 | Queue | Villager (Male) |
| 20:21 | Build | House |
| 20:30 | Queue | Archer |
| 20:38 | Queue | Villager (Male) |
| 20:38 | Queue | Villager (Male) |
| 20:42 | Queue | Villager (Male) |
| 20:47 | Queue | Villager (Male) |
| 20:53 | Queue | Archer |
| 21:00 | Queue | Villager (Male) |
| 21:04 | Build | House |
| 21:19 | Research | Castle Age |
| 21:25 | Queue | Archer |
| 21:27 | Build | House |
| 21:31 | Build | Stable |
| 21:31 | Build | Stable |
| 21:32 | Build | Stable |
| 21:36 | Queue | Villager (Male) |
| 21:38 | Research | Gold Mining |
| 21:40 | Queue | Archer |
| 21:46 | Build | Farm |
| 21:48 | Build | Farm |
| 21:51 | Build | Lumber Camp |
| 21:53 | Build | Lumber Camp |
| 22:08 | Build | House |
| 22:45 | Queue | Villager (Male) |
| 23:08 | Build | Stable |
| 23:09 | Research | Bloodlines |
| 23:11 | Research | Forging |
| 23:20 | Build | Farm |
| 23:25 | Build | Farm |
| 23:29 | Build | Farm |
| 23:35 | Build | Farm |
| 23:37 | Build | Farm |
| 23:41 | Build | Mill |
| 23:44 | Build | Farm |
| 23:47 | Build | House |
| 23:47 | Build | House |
Build order — OKANE_DAISUKI
First 150 of 425 actions detected
| 0:00 | Queue | Villager (Male) ×4 |
| 0:02 | Build | House |
| 0:04 | Build | House |
| 1:26 | Queue | Villager (Male) |
| 1:50 | Queue | Villager (Male) |
| 1:51 | Queue | Villager (Male) |
| 2:25 | Queue | Villager (Male) |
| 2:25 | Queue | Villager (Male) |
| 2:30 | Build | Lumber Camp |
| 3:05 | Queue | Villager (Male) |
| 3:06 | Queue | Villager (Male) |
| 3:06 | Queue | Villager (Male) |
| 4:03 | Queue | Villager (Male) |
| 4:12 | Build | House |
| 4:15 | Build | House |
| 4:18 | Build | Palisade Wall |
| 4:20 | Queue | Villager (Male) |
| 4:46 | Research | Loom |
| 4:55 | Build | Mill |
| 5:22 | Queue | Villager (Male) |
| 5:34 | Queue | Villager (Male) |
| 6:02 | Queue | Villager (Male) |
| 6:20 | Queue | Villager (Male) |
| 6:40 | Build | Mining Camp |
| 7:05 | Queue | Villager (Male) |
| 7:32 | Queue | Villager (Male) |
| 7:52 | Research | Feudal Age |
| 8:15 | Build | Barracks |
| 8:52 | Build | Palisade Wall |
| 8:53 | Build | Palisade Wall |
| 8:57 | Build | Palisade Wall |
| 8:58 | Build | Palisade Wall |
| 9:07 | Build | Palisade Wall |
| 9:16 | Build | House |
| 9:18 | Queue | Militia |
| 9:18 | Queue | Militia |
| 9:19 | Queue | Militia |
| 9:29 | Build | Palisade Wall |
| 9:30 | Build | Palisade Wall |
| 9:36 | Build | Palisade Wall |
| 9:37 | Build | Palisade Wall |
| 10:09 | Age | Feudal Age |
| 10:12 | Research | Man-at-Arms (upgrade) |
| 10:15 | Queue | Villager (Male) |
| 10:24 | Build | Blacksmith |
| 10:31 | Queue | Militia |
| 10:36 | Build | House |
| 10:40 | Queue | Villager (Male) |
| 10:47 | Build | Farm |
| 10:50 | Queue | Villager (Male) |
| 10:59 | Queue | Militia |
| 11:00 | Queue | Villager (Male) |
| 11:12 | Research | Scale Mail Armor |
| 11:12 | Research | Scale Mail Armor |
| 11:28 | Build | Farm |
| 11:31 | Build | House |
| 11:35 | Queue | Villager (Male) |
| 11:42 | Build | Farm |
| 12:09 | Queue | Villager (Male) |
| 12:29 | Build | Watch Tower |
| 12:34 | Queue | Militia |
| 12:39 | Queue | Militia |
| 12:40 | Queue | Villager (Male) |
| 12:52 | Build | Farm |
| 12:52 | Build | Farm |
| 12:52 | Build | Farm |
| 12:58 | Queue | Villager (Male) |
| 13:01 | Build | Farm |
| 13:17 | Queue | Militia |
| 13:29 | Queue | Villager (Male) |
| 13:50 | Queue | Militia |
| 14:09 | Queue | Militia |
| 14:13 | Build | Farm |
| 14:13 | Build | Farm |
| 14:13 | Build | Farm |
| 14:13 | Build | Farm |
| 14:16 | Queue | Villager (Male) |
| 14:21 | Queue | Villager (Male) |
| 14:35 | Build | House |
| 14:59 | Queue | Militia |
| 15:12 | Queue | Villager (Male) |
| 15:43 | Build | Watch Tower |
| 15:46 | Queue | Villager (Male) |
| 15:50 | Build | House |
| 15:56 | Queue | Militia |
| 16:11 | Queue | Villager (Male) |
| 16:12 | Queue | Villager (Male) |
| 16:24 | Queue | Militia |
| 16:29 | Queue | Villager (Male) |
| 16:34 | Build | Barracks |
| 16:39 | Queue | Militia |
| 17:16 | Build | Palisade Wall |
| 17:17 | Build | Palisade Wall |
| 17:18 | Build | Palisade Wall |
| 17:18 | Build | Palisade Wall |
| 17:19 | Build | Palisade Wall |
| 17:20 | Build | Palisade Wall |
| 17:20 | Build | Palisade Wall |
| 17:21 | Build | Palisade Wall |
| 17:22 | Build | Palisade Wall |
| 17:22 | Build | Palisade Wall |
| 17:26 | Queue | Militia |
| 17:28 | Queue | Villager (Male) |
| 17:31 | Queue | Villager (Male) |
| 17:35 | Build | Farm |
| 17:44 | Build | Farm |
| 17:44 | Build | Farm |
| 17:44 | Build | Farm |
| 18:02 | Build | Market |
| 18:09 | Queue | Villager (Male) |
| 18:18 | Queue | Militia |
| 18:18 | Queue | Militia |
| 18:19 | Queue | Villager (Male) |
| 18:30 | Research | Fletching |
| 18:32 | Queue | Villager (Male) |
| 18:36 | Build | House |
| 18:40 | Queue | Villager (Male) |
| 18:46 | Build | Farm |
| 18:55 | Build | Farm |
| 18:56 | Build | Farm |
| 18:56 | Build | Farm |
| 19:31 | Queue | Militia |
| 19:32 | Queue | Militia |
| 19:47 | Build | Mining Camp |
| 19:51 | Queue | Villager (Male) |
| 20:14 | Build | Watch Tower |
| 20:20 | Queue | Militia |
| 20:20 | Queue | Militia |
| 20:29 | Queue | Militia |
| 20:39 | Queue | Villager (Male) |
| 20:47 | Queue | Villager (Male) |
| 21:26 | Research | Castle Age |
| 21:55 | Research | Forging |
| 21:55 | Research | Forging |
| 21:58 | Build | House |
| 22:13 | Research | Gold Mining |
| 22:20 | Build | House |
| 23:04 | Queue | Militia |
| 23:04 | Queue | Militia |
| 23:17 | Research | Double-Bit Axe |
| 23:22 | Queue | Villager (Male) |
| 23:34 | Queue | Militia |
| 23:34 | Queue | Militia |
| 23:46 | Build | House |
| 24:06 | Age | Castle Age |
| 24:08 | Research | Long Swordsman (upgrade) |
| 24:09 | Research | Squires |
| 24:09 | Research | Squires |
| 24:14 | Research | Chain Mail Armor |
| 24:14 | Research | Chain Mail Armor |
Match timeline
| 4:18 | OKANE_DAISUKI · wall_segment Palisade Wall x1 |
| 5:32 | T91 · wall_segment Palisade Wall x1 |
| 5:35 | T91 · wall_segment Palisade Wall x1 |
| 7:09 | T91 · wall_segment Palisade Wall x1 |
| 7:10 | T91 · wall_segment Palisade Wall x1 |
| 8:15 | OKANE_DAISUKI · first_building Barracks |
| 8:43 | T91 · age_up feudal |
| 8:52 | OKANE_DAISUKI · wall_segment Palisade Wall x1 |
| 8:53 | OKANE_DAISUKI · wall_segment Palisade Wall x1 |
| 8:57 | OKANE_DAISUKI · wall_segment Palisade Wall x1 |
| 8:58 | OKANE_DAISUKI · wall_segment Palisade Wall x1 |
| 9:07 | OKANE_DAISUKI · wall_segment Palisade Wall x1 |
| 9:29 | OKANE_DAISUKI · wall_segment Palisade Wall x1 |
| 9:30 | OKANE_DAISUKI · wall_segment Palisade Wall x1 |
| 9:36 | OKANE_DAISUKI · wall_segment Palisade Wall x1 |
| 9:37 | OKANE_DAISUKI · wall_segment Palisade Wall x1 |
| 10:09 | OKANE_DAISUKI · age_up feudal |
| 11:38 | T91 · first_building Barracks |
| 11:50 | T91 · wall_segment Palisade Wall x1 |
| 13:32 | T91 · wall_segment Palisade Wall x1 |
| 13:33 | T91 · wall_segment Palisade Wall x1 |
| 13:36 | T91 · wall_segment Palisade Wall x1 |
| 14:19 | T91 · wall_segment Palisade Wall x1 |
| 14:20 | T91 · wall_segment Palisade Wall x1 |
| 16:08 | T91 · first_building Archery Range |
| 17:16 | OKANE_DAISUKI · wall_segment Palisade Wall x1 |
| 17:17 | OKANE_DAISUKI · wall_segment Palisade Wall x1 |
| 17:18 | OKANE_DAISUKI · wall_segment Palisade Wall x1 |
| 17:18 | OKANE_DAISUKI · wall_segment Palisade Wall x1 |
| 17:19 | OKANE_DAISUKI · wall_segment Palisade Wall x1 |
| 17:20 | OKANE_DAISUKI · wall_segment Palisade Wall x1 |
| 17:20 | OKANE_DAISUKI · wall_segment Palisade Wall x1 |
| 17:21 | OKANE_DAISUKI · wall_segment Palisade Wall x1 |
| 17:22 | OKANE_DAISUKI · wall_segment Palisade Wall x2 |
| 17:22 | OKANE_DAISUKI · wall_segment Palisade Wall x1 |
| 21:10 | T91 · first_market_sell 100 wood |
| 21:19 | OKANE_DAISUKI · first_market_buy 100 food |
| 21:19 | OKANE_DAISUKI · first_market_sell 100 wood |
| 21:31 | T91 · first_building Stable |
| 23:59 | T91 · age_up castle |
| 24:06 | OKANE_DAISUKI · age_up castle |
| 24:59 | OKANE_DAISUKI · first_building Siege Workshop |
| 25:01 | T91 · first_market_buy 100 food |
| 25:41 | T91 · first_building Monastery |
| 28:50 | OKANE_DAISUKI · first_building Castle |
| 40:03 | T91 · age_up imperial |
| 42:06 | T91 · first_building Castle |
| 44:23 | OKANE_DAISUKI · age_up imperial |
| 48:08 | OKANE_DAISUKI · resign |
[ AI ANALYSIS · 1 CREDIT ]
What really happened in this match?
Wolo.gg analyzes every decision: build order, eco, micro, common mistakes by bracket. Personalized analysis on WhatsApp or Discord in 30 seconds.
Civ guide
Cumans
Perfil
Jugador #2921914